 Dungeon Crawl Stone Soup version 0.30.1-4-g462c640d31 (webtiles) character file.

Game seed: 11516545647952670520

56810 Zeor the Carver (level 14, -3/115 HPs)
             Began as a White Draconian Gladiator on Sept 11, 2023.
             Was a High Priest of Vehumet.
             Killed by an exploding centaur warrior (47 damage)
             ... ignited by their inner flame
             ... on level 2 of the Orcish Mines on Sept 12, 2023.
             The game lasted 01:45:53 (21787 turns).

Zeor the Carver (White Draconian Gladiator)        Turns: 21787, Time: 01:45:54

Health: -3/115     AC: 16    Str: 16    XL:     14   Next: 43%
Magic:  28/28      EV: 16    Int: 20    God:    Vehumet [*****.]
Gold:   1144       SH:  5    Dex: 13    Spells: 2/33 levels left

rFire   . . .        a - +3 great sword (spect)
rCold   + . .        (shield currently unavailable)
rNeg    + . .        (body armour unavailable)
rPois   +            b - +1 hat
rElec   .            h - +1 cloak
rCorr   .            r - +2 pair of gloves
SInv    .            s - +1 pair of boots
Will    +....        B - amulet of reflection
Stlth   ++           o - ring of poison resistance
HPRegen 0.39/turn    C - ring of Toptuamy {rN+ Int+6}
MPRegen 0.21/turn

%: reflection
@: short of breath, marked, freezing walls
A: breathe frost, AC +8, unfitting armour, cold resistance 1, cold-blooded
a: Breathe Frost, Renounce Religion


You were on level 2 of the Orcish Mines.
You worshipped Vehumet.
Vehumet was extremely pleased with you.
You visited 4 branches of the dungeon, and saw 19 of its levels.
You also visited: Sewer and Bailey.

You collected 1465 gold pieces.
You spent 321 gold pieces at shops.

Inventory:

Hand Weapons
 a - a +3 spectral great sword (weapon)
 v - a +1 long sword of venom
 x - the +8 dagger "Pecwewn" {heavy, *Noise rElec rPois Str+2}
   (You found it on level 6 of the Dungeon)

   Str:       It affects your strength (+2).
   rElec:     It insulates you from electricity.
   rPois:     It protects you from poison.
   *Noise:    It may make noises in combat.
 S - the +4 eveningstar of Shrieking Terror {heavy, rCorr Str+3}
   (You acquired it on level 2 of the Lair of Beasts)

   Str:       It affects your strength (+3).
   rCorr:     It protects you from acid and corrosion.
Missiles
 c - 5 throwing nets
 d - 4 javelins
 f - 28 boomerangs
 L - 4 atropa-tipped darts
 U - 5 silver javelins
Armour
 b - a +1 hat (worn)
 h - a +1 cloak (worn)
 r - a +2 pair of gloves (worn)
 s - a +1 pair of boots (worn)
Magical Staves
 e - a staff of cold
 k - a staff of conjuration
Jewellery
 o - a ring of poison resistance (left hand)
 B - an amulet of reflection (around neck)
 C - the ring of Toptuamy (right hand) {rN+ Int+6}
   (You found it on level 7 of the Dungeon)

   [ring of intelligence]

   Int:       It affects your intelligence (+6).
   rN:        It protects you from negative energy.
 G - a ring of resist corrosion
 I - a +6 ring of intelligence
 J - a ring of protection from fire
 Q - a ring of protection from fire
Wands
 i - a wand of light (2)
 u - a wand of flame (36)
 y - a wand of polymorph (14)
 F - a wand of roots (11)
 V - a wand of paralysis (9)
Scrolls
 j - 2 scrolls of fear
 l - 19 scrolls of teleportation
 E - a scroll of blinking
 H - a scroll of magic mapping
 K - a scroll of amnesia
 P - a scroll of enchant armour
 R - a scroll of immolation
 T - 3 scrolls of vulnerability
Potions
 g - 2 potions of lignification
 m - 4 potions of brilliance
 n - 5 potions of attraction
 p - 5 potions of heal wounds
 q - 6 potions of ambrosia
 t - 2 potions of flight
 w - 4 potions of mutation
 z - 2 potions of cancellation
 A - 2 potions of haste
 D - 5 potions of curing
 M - a potion of magic
 N - 2 potions of invisibility
 O - 2 potions of berserk rage


   Skills:
 * Level 8.1 Fighting
 + Level 1.8(9.2) Short Blades
 - Level 14.0 Long Blades
 + Level 2.1 Throwing
 * Level 10.5 Dodging
 + Level 3.4 Stealth
 + Level 3.0 Shields
 * Level 10.2 Spellcasting
 + Level 5.0 Conjurations
 + Level 1.1 Hexes
 + Level 0.6 Translocations
 + Level 2.0 Transmutations
 - Level 1.5 Fire Magic
 * Level 12.6 Ice Magic
 + Level 2.4 Earth Magic
 + Level 1.6 Poison Magic


You had 2 spell levels left.
You knew the following spells:

 Your Spells              Type           Power      Damage    Failure   Level
a - Ozocubu's Armour      Ice            57%        N/A       1%          3
b - Iskenderun's Battles  Conj           30%        2d8       7%          5
d - Magic Dart            Conj           100%       1d8       1%          1
e - Metabolic Englaciati  Hex/Ice        18%        N/A       11%         5
f - Frozen Ramparts       Ice            100%       1d16      1%          3
i - Ice Form              Ice/Tmut       39%        N/A       3%          4
r - Ozocubu's Refrigerat  Ice            28%        4d13      9%          7
s - Stone Arrow           Conj/Erth      50%        3d10      1%          3

Your spell library contained the following spells:

 Spells                   Type           Power      Damage    Failure   Level
 Plasma Beam              Fire/Air       6%         2x1d18    86%         6
 Momentum Strike          Conj/Tloc      42%        3d9       1%          2
 Searing Ray              Conj           60%        2d6       1%          2
 Static Discharge         Conj/Air       40%        2-4/arc   1%          2
 Summon Small Mammal      Summ           40%        N/A       7%          1
 Ignite Poison            Fire/Tmut/Pois 17%        N/A       2%          3
 Inner Flame              Hex/Fire       15%        N/A       3%          3
 Summon Ice Beast         Ice/Summ       35%        N/A       4%          4
 Fulminant Prism          Conj/Hex       11%        3d9       5%          4
 Fireball                 Conj/Fire      11%        3d7       13%         5
 Portal Projectile        Hex/Tloc       26%        N/A       14%         3
 Summon Guardian Golem    Hex/Summ       12%        N/A       16%         3
 Airstrike                Air            5%         2d(1-17)  17%         4
 Lee's Rapid Deconstruct  Erth           9%         3d7*      17%         5
 Call Canine Familiar     Summ           10%        N/A       21%         3
 Yara's Violent Unravell  Hex/Tmut       8%         3d5       24%         5
 Leda's Liquefaction      Hex/Erth       8%         N/A       32%         4
 Iron Shot                Conj/Erth      12%        9d3       47%         6
 Summon Lightning Spire   Summ/Air       10%        N/A       56%         4
 Simulacrum               Ice/Necr       17%        N/A       61%         6
 Conjure Ball Lightning   Conj/Air       10%        3x3d6     65%         6
 Orb of Destruction       Conj           15%        9d7       83%         7
 Statue Form              Tmut/Erth      12%        N/A       99%         6
 Spellforged Servitor     Conj/Summ      10%        N/A       99%         7
 Enfeeble                 Hex            7%         N/A       100%        7


Dungeon Overview and Level Annotations

Branches:
Dungeon (11/15)            Temple (1/1) D:4            Lair (5/5) D:11
  Swamp (0/4) Lair:2       Spider (0/4) Lair:3        Slime (0/5) Lair:5
    Orc (1/2) D:9             Elf (0/3) Orc:2         Sewer (visited)
 Bailey (visited)

Altars:
Ashenzari
Cheibriados
Dithmenos
Elyvilon
Fedhas
Gozag
Hepliaklqana
Kikubaaqudgha
Makhleb
Nemelex Xobeh
Okawaru
Qazlal
Ru
Sif Muna
Trog
Uskayaw
Vehumet
Wu Jian
Xom
Yredelemnul
Zin
The Shining One
Jiyva

Shops:
D:5 *

Annotations:
D:6 1 runed translucent door, Pyropingo's ghost, novice MiBe
D:10 2 transporters, Shake04's ghost, journeyman VSGl
Lair:4 exclusion: azure jelly
Lair:5 exclusion: oklob plant


Innate Abilities, Weirdness & Mutations

You can breathe waves of freezing cold which knock back foes.
Your icy white scales are hard. (AC +8)
You cannot fit into any form of body armour.
Your flesh is cold resistant. (rC+)
You are cold-blooded and may be slowed by cold attacks.


Message History

The fiery explosion engulfs the orc warrior!!
Flame seeps out of the orc warrior.
The orc warrior is almost dead.
The fiery explosion engulfs the orc!!
Vehumet accepts your kill.
You feel your power returning.
The orc explodes!
The fiery explosion engulfs the orc priest!!
You kill the orc priest!
Vehumet accepts your kill.
The fiery explosion engulfs the orc warrior!!
Vehumet accepts your kill.
You feel your power returning.
The fiery explosion engulfs the orc knight!!
Flame seeps out of the orc knight.
The orc knight is almost dead.
The fiery explosion engulfs the orc warrior!!
Vehumet accepts your kill.
You feel your power returning.
The orc warrior explodes! x2
The fiery explosion engulfs the orc wizard!!!
Vehumet accepts your kill.
The fiery explosion engulfs the orc knight!!
Vehumet accepts your kill.
The orc knight explodes!
The orc wizard explodes!
Vehumet accepts your kill.
You feel a bit more experienced.
The fiery explosion engulfs the orc!!
Vehumet accepts your kill.
The orc explodes!
Vehumet accepts your kill.
You feel a bit more experienced. Vehumet accepts your kill.
You feel a bit more experienced.
The centaur explodes!
The fiery explosion engulfs the centaur warrior!!
Vehumet accepts your kill.
The centaur warrior explodes!
The fiery explosion engulfs you!!!
Your icy armour melts away.
You die...
PP ∙∙ ∙∙∙∙▒▒∙ ∙∙∙∙ ∙∙$∙∙∙▒ ∙▒∙▒ ∙∙∙∙∙∙∙ ▒∙∙∙ ∙∙∙∙∙∙∙ ∙∙∙ ▒∙∙∙▒∙∙∙∙∙∙∙ ∙∙∙∙ ▒)▒∙∙o∙∙W∙∙ ∙∙o∙ ▒▒∙∙∙o∙∙∙∙∙ ∙∙o∙∙

▒))∙∙∙∙∙∙∙∙
▒∙∙∙∙▒
▒▒▒▒d▒▒∙∙∙▒▒∙
∙∙∙∙▒>▒▒∙▒###▒
▒∙▒
▒∙∙∙∙∙∙∙#○○○▒▒
▒
▒∙∙∙∙####○○▒∙▒
▒▒▒∙▒▒######∙∙▒
▒∙##▒∙o∙∙∙▒
▒▒c∙∙∙∙∙∙∙∙∙▒
▒∙∙∙∙∙∙∙∙∙∙∙∙
▒∙∙∙∙∙∙∙▒∙▒∙▒


You could see a wraith (inner flame), 2 orc warriors, a centaur and an orc
(inner flame, strong).

Vanquished Creatures
  A dire elephant (Lair:5)
  A fire dragon (Lair:5)
  3 hydras (Lair:5)
  A catoblepas (Lair:5)
  2 vault guards (Bailey)
  A boulder beetle (D:11)
  3 two-headed ogres
  A centaur warrior (Orc:2)
  4 death yaks
  Urug (Orc:1)
  Nergalle (Orc:1)
  A skyshark (Lair:4)
  A swamp dragon (Lair:5)
  A lindwurm (Lair:5)
  An orc knight (Orc:2)
  8 elephants
  3 manticores
  9 black mambas
  Maurice (D:8)
  13 cane toads
  A torpor snail (Lair:5)
  2 unseen horrors
  4 rime drakes
  9 komodo dragons
  A kobold demonologist (D:11)
  A queen bee (Lair:2)
  5 trolls
  A polar bear (D:9)
  Prince Ribbit (Bailey)
  16 blink frogs
  4 dream sheep
  5 slime creatures
  45 yaks
  7 wyverns
  Eustachio (D:4)
  2 wraiths
  2 shadows (D:10)
  2 humans (Bailey)
  9 basilisks
  3 redbacks (Lair:3)
  2 vampire mosquitoes (D:11)
  2 steam dragons
  3 swamp worms (Lair:2)
  3 wargs
  Edmund (D:4)
  2 acid dragons
  14 water moccasins
  A sky beast (D:7)
  4 swamp drakes (Lair:5)
  19 orc warriors
  2 black bears
  7 ice beasts
  18 wolves
  3 ogres
  12 centaurs
  4 kobold brigands
  2 gnoll sergeants
  12 bullfrogs
  2 scorpions (D:5)
  41 killer bees
  8 howler monkeys
  2 electric eels (D:9)
  A gnoll bouda (D:7)
  13 orc priests
  4 hounds
  9 jellies
  A sleepcap (D:4)
  7 iguanas
  16 orc wizards
  7 hell rats
  Terence (D:3)
  15 gnolls
  4 river rats
  12 adders
  4 white imps
  4 howler monkey simulacra (D:9)
  An ufetubus (D:4)
  2 worms
  3 dart slugs
  65 orcs
  7 ball pythons
  10 endoplasms
  4 giant cockroaches
  10 hobgoblins
  16 kobolds
  5 quokkas
  8 bats
  9 frilled lizards
  10 goblins
  4 rats
594 creatures vanquished.

Vanquished Creatures (others)
  An orc wizard (D:9)
1 creature vanquished.

Grand Total: 595 creatures vanquished

Notes
Turn   | Place    | Note
-------+----------+-------------------------------------------
     0 | D:1      | Zeor the Draconian Gladiator began the quest for the Orb.
     0 | D:1      | Reached XP level 1. HP: 17/17 MP: 1/1
   189 | D:1      | Reached XP level 2. HP: 24/24 MP: 2/2
   861 | D:2      | Reached XP level 3. HP: 30/30 MP: 3/3
  1964 | D:3      | Noticed Terence
  1972 | D:3      | Killed Terence
  1973 | D:3      | Reached skill level 4 in Long Blades
  1973 | D:3      | Reached XP level 4. HP: 25/37 MP: 5/5
  2069 | D:3      | Found a basalt altar of Yredelemnul.
  2552 | D:3      | Found a sacrificial altar of Ru.
  2553 | D:3      | Found a radiant altar of Vehumet.
  2810 | D:4      | Noticed Edmund
  2822 | D:4      | Killed Edmund
  2823 | D:4      | Reached skill level 5 in Long Blades
  2823 | D:4      | Reached skill level 1 in Stealth
  2823 | D:4      | Reached skill level 1 in Spellcasting
  2823 | D:4      | Reached XP level 5. HP: 18/44 MP: 5/7
  2899 | D:4      | Noticed an ogre
  2906 | D:4      | Killed an ogre
  2907 | D:4      | Reached XP level 6. HP: 43/51 MP: 8/8
  3056 | D:4      | Found a staircase to the Ecumenical Temple.
  3062 | Temple   | Entered the Ecumenical Temple
  3324 | D:4      | Noticed Eustachio
  3355 | D:4      | Killed Eustachio
  3356 | D:4      | Reached skill level 6 in Long Blades
  3453 | D:4      | Found a hide-covered altar of Uskayaw.
  3453 | D:4      | Found a sparkling altar of Nemelex Xobeh.
  3536 | D:5      | Entered Level 5 of the Dungeon
  3536 | D:5      | Noticed an ice beast
  3544 | D:5      | Your scales start taking on an icy white colour.
  3544 | D:5      | Reached XP level 7. HP: 54/57 MP: 8/10
  3544 | D:5      | Gained mutation: Your flesh is cold resistant. (rC+) [White
                  | Draconian growth]
  3691 | D:3      | Became a worshipper of Vehumet
  3828 | D:5      | Reached skill level 1 in Ice Magic
  4101 | D:5      | Learned a level 1 spell: Magic Dart
  4124 | D:5      | Reached skill level 7 in Long Blades
  4203 | D:5      | Found Hobbonka's Assorted Antiques.
  4211 | D:5      | Bought a glowing great sword for 294 gold pieces
  4211 | D:5      | Bought a fuming green potion for 27 gold pieces
  4679 | D:6      | Identified the +8 dagger "Pecwewn" {heavy, *Noise rElec
                  | rPois Str+2}
  4808 | D:6      | Found a glowing drain.
  4812 | Sewer    | Entered a sewer
  4885 | Sewer    | Reached XP level 8. HP: 58/63 MP: 5/11
  4885 | Sewer    | Reached * piety under Vehumet
  4885 | Sewer    | Offered knowledge of Foxfire by Vehumet.
  5029 | Sewer    | Found a viscous altar of Jiyva.
  5277 | D:6      | Reached skill level 1 in Short Blades
  5679 | D:6      | Found a runed translucent door.
  5679 | D:6      | Noticed Pyropingo's ghost (novice MiBe)
  5821 | D:6      | Reached skill level 5 in Dodging
  6081 | D:7      | Reached skill level 8 in Long Blades
  6150 | D:7      | Identified the ring of Toptuamy {rN+ Int+6}
  6318 | D:7      | Reached XP level 9. HP: 47/71 MP: 13/13
  6756 | D:8      | Reached ** piety under Vehumet
  6760 | D:8      | Offered knowledge of Momentum Strike by Vehumet.
  6767 | D:8      | Learned a level 2 spell: Momentum Strike
  6786 | D:8      | Found a snail-covered altar of Cheibriados.
  6939 | D:8      | Noticed Maurice
  6948 | D:8      | Noticed a komodo dragon
  6958 | D:8      | Killed a komodo dragon
  6959 | D:8      | Reached skill level 9 in Long Blades
  6967 | D:8      | Killed Maurice
  7011 | D:8      | Noticed a two-headed ogre
  7023 | D:8      | Killed a two-headed ogre
  7024 | D:8      | Reached skill level 1 in Shields
  7024 | D:8      | Reached skill level 5 in Ice Magic
  7220 | D:8      | Reached skill level 10 in Long Blades
  7269 | D:8      | Reached XP level 10. HP: 77/80 MP: 14/16
  7307 | D:8      | Found a white marble altar of Elyvilon.
  7743 | D:9      | Reached skill level 1 in Conjurations
  7744 | D:9      | Offered knowledge of Ignite Poison by Vehumet.
  7783 | D:9      | Reached skill level 5 in Fighting
  8060 | D:9      | Learned a level 3 spell: Ozocubu's Armour
  8064 | D:9      | Learned a level 3 spell: Ignite Poison
  8232 | D:9      | Reached *** piety under Vehumet
  8472 | D:9      | Offered knowledge of Stone Arrow by Vehumet.
  8481 | D:9      | Reached skill level 5 in Spellcasting
  8580 | D:9      | Found a staircase to the Orcish Mines.
  8590 | D:9      | Learned a level 3 spell: Stone Arrow
  9208 | D:10     | Entered Level 10 of the Dungeon
  9235 | D:10     | Found an iron altar of Okawaru.
  9271 | D:10     | Reached **** piety under Vehumet
  9321 | D:10     | Reached XP level 11. HP: 61/89 MP: 16/18
  9361 | D:10     | Offered knowledge of Inner Flame by Vehumet.
  9362 | D:10     | Reached skill level 11 in Long Blades
  9380 | D:10     | Reached skill level 1 in Transmutations
  9386 | D:10     | Reached skill level 1 in Poison Magic
  9810 | D:10     | Found a flagged portal.
  9851 | Bailey   | Entered a bailey
 10030 | Bailey   | Learned a level 5 spell: Iskenderun's Battlesphere
 10044 | Bailey   | Noticed Prince Ribbit
 10044 | Bailey   | Noticed a vault guard
 10056 | Bailey   | Killed a vault guard
 10059 | Bailey   | Killed Prince Ribbit
 10122 | Bailey   | Noticed a vault guard
 10136 | Bailey   | Killed a vault guard
 10641 | D:10     | Found a transporter.
 10644 | D:10     | Noticed a two-headed ogre
 10644 | D:10     | Noticed Shake04's ghost (journeyman VSGl)
 10645 | D:10     | Identified the +5 dire flail of Linearity {freeze, Dex+2}
 10645 | D:10     | Noticed a two-headed ogre
 10646 | D:10     | Found a transporter.
 10646 | D:10     | Noticed a two-headed ogre
 10647 | D:10     | Noticed a two-headed ogre
 10692 | D:11     | Reached skill level 12 in Long Blades
 10753 | D:11     | Reached ***** piety under Vehumet
 10929 | D:11     | Offered knowledge of Ozocubu's Refrigeration by Vehumet.
 11156 | D:11     | Noticed a two-headed ogre
 11169 | D:11     | Reached skill level 1 in Fire Magic
 11176 | D:11     | Killed a two-headed ogre
 11332 | D:11     | Reached XP level 12. HP: 34/97 MP: 3/21
 11509 | D:11     | Found a staircase to the Lair.
 11658 | D:11     | Noticed a two-headed ogre
 11679 | D:11     | Killed a two-headed ogre
 11928 | D:11     | Noticed a boulder beetle
 11940 | D:11     | Killed a boulder beetle
 12162 | D:11     | Learned a level 7 spell: Ozocubu's Refrigeration
 12340 | Lair:1   | Entered Level 1 of the Lair of Beasts
 13130 | Lair:1   | Reached skill level 1 in Earth Magic
 13793 | Lair:2   | Found a staircase to the Swamp.
 13945 | Lair:2   | Noticed a death yak
 13945 | Lair:2   | Noticed a death yak
 14072 | Lair:2   | Offered knowledge of Arcjolt by Vehumet.
 14794 | Lair:3   | Found a hole to the Spider Nest.
 15618 | Lair:2   | Identified a scroll of acquirement
 15619 | Lair:2   | Acquired the +4 eveningstar of Shrieking Terror {heavy,
                  | rCorr Str+3}
 15972 | Lair:3   | Reached XP level 13. HP: 94/105 MP: 19/25
 15978 | Lair:3   | Learned a level 5 spell: Metabolic Englaciation
 16943 | Lair:4   | Reached skill level 13 in Long Blades
 16949 | Lair:4   | Reached skill level 10 in Ice Magic
 17562 | Lair:4   | Offered knowledge of Starburst by Vehumet.
 17829 | Lair:4   | Noticed an azure jelly
 18183 | Lair:4   | Learned a level 3 spell: Frozen Ramparts
 18349 | Lair:5   | Entered Level 5 of the Lair of Beasts
 18612 | Lair:5   | Reached skill level 10 in Dodging
 18795 | Lair:5   | Noticed a fire dragon
 19256 | Lair:5   | Reached skill level 1 in Hexes
 19259 | Lair:5   | Offered knowledge of Eringya's Noxious Bog by Vehumet.
 19337 | Lair:5   | Reached XP level 14. HP: 63/113 MP: 21/27
 19606 | Lair:5   | Identified the +1 ring mail "Ileucaoc" {Dex+4}
 19764 | Lair:5   | Reached skill level 14 in Long Blades
 19764 | Lair:5   | Reached skill level 5 in Conjurations
 20333 | Lair:5   | Found a viscous altar of Jiyva.
 20334 | Lair:5   | Found a staircase to the Slime Pits.
 20848 | Lair:5   | Learned a level 4 spell: Ice Form
 20980 | Lair:2   | Reached skill level 10 in Spellcasting
 21105 | Orc:1    | Entered Level 1 of the Orcish Mines
 21207 | Orc:1    | Offered knowledge of Plasma Beam by Vehumet.
 21259 | Orc:1    | Noticed Nergalle
 21265 | Orc:1    | Killed Nergalle
 21341 | Orc:1    | Noticed Urug
 21353 | Orc:1    | Killed Urug
 21766 | Orc:1    | You fall into a shaft and drop 1 floor!
 21766 | Orc:2    | Entered Level 2 of the Orcish Mines
 21767 | Orc:2    | Found a staircase to the Elven Halls.
 21787 | Orc:2    | Killed by an exploding centaur warrior... ignited by their
                  | inner flame

Illustrated notes

Levels and vault maps discovered:
D:1:      amcnicky_arrival_underground_garden, layout_basic, chequers_jeans
D:2:      layout_loops_corners
D:3:      layout_loops_corners, overflow_temple_1_default,
          gammafunk_temple_overflow_pools, uniq_terence
D:4:      layout_basic, gammafunk_temple_overflow_wave, temple_green,
          minmay_box_of_dots, uniq_eustachio, uniq_edmund
D:5:      layout_loops_ring, serial_shops, shop
D:6:      layout_basic, gup_sewer_entry_spiral, gammafunk_ghost_grave
D:7:      layout_rooms
D:8:      layout_basic, cheibriados_altar_1, elyvilon_altar_4,
          minmay_lizard_king, uniq_maurice
D:9:      minmay_gate_of_8, layout_basic, david_orc_5, serial_ice, serial_ice_a,
          serial_ice_g, serial_ice_d, serial_ice_i, serial_ice_b, serial_ice_m,
          serial_ice_o, serial_ice_c, serial_ice_n, serial_ice_e
D:10:     layout_basic, okawaru_gym_becter, gammafunk_ghost_smash,
          enter_bailey_4, minmay_starry_boxes
D:11:     layout_basic, hellmonk_lair_entry_icy, dreamdust_mushroom_princess
Temple:   nicolae_temple_bog_church
Lair:1:   layout_hall_layers, grunt_megastairs_4
Lair:2:   regret_index_tunnel_blossom, layout_misc_corridors,
          minmay_swamp_entry_worms
Lair:3:   nzn_winding_woodlands_stair_trap [nzn_winding_woodlands_5x15_pockets,
          nzn_winding_woodlands_5x15_lazy_stream,
          nzn_winding_woodlands_5x15_zeroes,
          nzn_winding_woodlands_15x15_thick_spiral,
          nzn_winding_woodlands_5x15_jagged,
          nzn_winding_woodlands_5x15_split_checker,
          nzn_winding_woodlands_5x15_default], layout_gridlike,
          spider_nest_entry_webs
Lair:4:   layout_regular_city, nicolae_lair_time_for_slime
Lair:5:   guppyfry_lair_end_dragon, layout_regular_city,
          hangedman_lair_in_review, minmay_slime_entry_pillars
Orc:1:    layout_caves, uniq_nergalle, uniq_urug
Orc:2:    st_orc_rangers, layout_diamond_mine, basic_altar, serial_shops,
          nicolae_shop_overgrown_old_shop, abandoned_shop, mines1_david,
          uniq_josephine

Skill      XL: |  1  2  3  4  5  6  7  8  9 10 11 12 13 14 |
---------------+-------------------------------------------+-----
Dodging        | 3 4 5 6 7 8 9 10 | 10.5
Long Blades    | 4 5 6 7 8 10 12 13 14 | 14.0
Stealth        | 1 2 3 |  3.4
Spellcasting   | 1 2 3 4 5 6 8 9 10 | 10.2
Fighting       | 3 4 5 6 7 8 |  8.1
Ice Magic      | 2 4 5 6 7 9 11 12 | 12.6
Short Blades   | 1 |  1.8
Shields        | 1 2 3 |  3.0
Conjurations   | 2 3 4 5 |  5.0
Throwing       | 2 |  2.1
Transmutations | 1 2 |  2.0
Poison Magic   | 1 |  1.6
Fire Magic     | 1 |  1.5
Earth Magic    | 2 |  2.4
Hexes          | 1 |  1.1
Translocations | |  0.6

Action                     |  1- 3 |  4- 6 |  7- 9 | 10-12 | 13-15 || total
---------------------------+-------+-------+-------+-------+-------++-------
  Melee: Long sword        |   101 |    73 |   246 |   736 |       ||  1156
         Tailslap          |    16 |    10 |    32 |   106 |    74 ||   238
         Punch             |     1 |       |     4 |     9 |       ||    14
         Dagger            |       |       |    58 |       |       ||    58
         Great sword       |       |       |     5 |    23 |   335 ||   363
         Eveningstar       |       |       |       |       |     1 ||     1
  Throw: Throwing net      |       |     1 |       |       |       ||     1
         Boomerang         |       |       |       |     6 |       ||     6
   Cast: Magic Dart        |       |       |    16 |    67 |    35 ||   118
         Momentum Strike   |       |       |    11 |    26 |       ||    37
         Ozocubu's Armour  |       |       |       |    50 |    51 ||   101
         Stone Arrow       |       |       |       |    69 |    38 ||   107
         Ignite Poison     |       |       |       |    33 |       ||    33
         Iskenderun's Batt |       |       |       |    35 |    15 ||    50
         Metabolic Englaci |       |       |       |       |    25 ||    25
         Frozen Ramparts   |       |       |       |       |    33 ||    33
         Ozocubu's Refrige |       |       |       |       |    12 ||    12
Ability: Breathe Frost     |       |       |    26 |    27 |    13 ||    66
    Use: Scroll            |    10 |     4 |     9 |    16 |     6 ||    45
         Potion            |       |     1 |     3 |    11 |     2 ||    17
   Stab: Sleeping          |     1 |       |     4 |     2 |     1 ||     8
         Distracted        |       |       |       |       |     4 ||     4
         Confused          |       |       |       |       |     1 ||     1
 Armour: Skin              |    24 |    27 |   118 |   348 |   171 ||   688
  Dodge: Dodged            |    59 |    44 |   201 |   650 |   271 ||  1225
  Block: Other             |       |       |    38 |   212 |    69 ||   319
         Reflection        |       |       |       |     7 |     7 ||    14
